 Dungeon Sprint DCSS version 0.31-a0-542-gdc2a67831c (webtiles) character file.

Game seed: 11638882263020429068

23 rocky1 the Changeling (level 2, -1/21 HPs)
             Began as a Demonspawn Shapeshifter on Aug 15, 2023.
             Slain by a hound (3 damage)
             ... in the Dungeon (Sprint IX: "|||||||||||||||||||||||||||||").
             The game lasted 00:00:15 (39 turns).

rocky1 the Changeling (Demonspawn Shapeshifter)       Turns: 39, Time: 00:00:15

Health: -1/21      AC:  2    Str: 15    XL:     2   Next: 75%
Magic:  2/2        EV: 12    Int:  9    God:
Gold:   0          SH:  0    Dex: 13    Spells: 1/1 levels left

rFire   . .          .
                       - Unarmed
rCold   . . .        (no shield)
rNeg    . . .        a - +0 animal skin
rPois   .            (helmet currently unavailable)
rElec   .            (cloak currently unavailable)
rCorr   .            (gloves currently unavailable)
SInv    .            (boots currently unavailable)
Will    .....        (no amulet)
Stlth   +            (no ring)
HPRegen 0.23/turn    (no ring)
MPRegen 0.08/turn

%: no teleportation
@: lethally poisoned (-1 -> -4), beast-form
A: beast (slay +2), hooves 1
a: Begin Untransformation


You were in the Dungeon.
You were a hulking beast.
You visited 1 branch

Inventory:

Armour
 a - a +0 animal skin (worn)
Talismans
 c - a beast talisman (active)
 d - a flux talisman
Scrolls
 j - a scroll of blinking
Potions
 b - a potion of lignification
 g - a potion of haste
 h - 2 potions of magic
 i - a potion of berserk rage


   Skills:
 + Level 1.0 Fighting
 + Level 2.2 Dodging
 + Level 3.9 Unarmed Combat
 + Level 4.2 Shapeshifting


You had one spell level left.
You didn't know any spells.
Your spell library was empty.

Dungeon Overview and Level Annotations

Branches:
Dungeon (1/1)

Altars:


Innate Abilities, Weirdness & Mutations

You are a hulking beast.
Your limbs bulge with bestial killing power. (Slay +2)
You have large cloven feet.


Message History

Pain shoots through your body!
Ouch! That really hurt!
* * * LOW HITPOINT WARNING * * *
Unknown command.
You feel much better. The shadow imp gestures at you.
Pain shoots through your body!
Ouch! That really hurt!
* * * LOW HITPOINT WARNING * * *
You feel better.
You hit the shadow imp.
The shadow imp is moderately wounded.
The hound stops to sniff the ground.
The shadow imp misses you.
You closely miss the shadow imp.
The shadow imp is moderately wounded.
The shadow imp shouts, "Get thee gone, thou plume-plucked fob-snatching lewdster!"
The shadow imp hits you.
You hit the shadow imp. You punch the shadow imp.
You kill the shadow imp!
The adder completely misses you.
You have reached level 2!
Your demonic ancestry asserts itself...
Your feet thicken and deform.
You miss the adder. The adder closely misses you.
You barely miss the adder. The adder bites you.
You barely miss the adder. The adder bites you.
* * * LOW HITPOINT WARNING * * *
You are lethally poisoned!
The adder poisons you!
You punch the adder! You kick the adder.
You kill the adder!
* * * LOW HITPOINT WARNING * * *
You feel sick. The hound barely misses you.
Your Shapeshifting skill increases to level 4!
You hit the hound.
The hound is lightly wounded.
* * * LOW HITPOINT WARNING * * *
You feel sick. The hound bites you.
You die... ▓▓▓▓▓▓▓▓▓▓▓▓▓▓▓▓▓▓ +....hhh...)†...<▓ ▓▓▓▓▓▓▓▓▓▓▓▓▓▓▓▓▓▓

You could see 2 hounds.

Vanquished Creatures
  An adder (D)
  A shadow imp (D)
  A goblin (D)
  A hobgoblin (D)
  A jackal (D)
  A quokka (D)
  2 ball pythons (D)
8 creatures vanquished.

Notes
Turn   | Place    | Note
-------+----------+-------------------------------------------
     0 | D        | rocky1 the Demonspawn Shapeshifter began the quest for the
                  | Orb.
     0 | D        | Reached XP level 1. HP: 15/15 MP: 1/1
     5 | D        | Reached skill level 3 in Shapeshifting
    26 | D        | Noticed a hound
    26 | D        | Noticed a hound
    35 | D        | Gained mutation: You have large cloven feet. [demonic
                  | ancestry]
    35 | D        | Reached XP level 2. HP: 10/21 MP: 2/2
    39 | D        | Reached skill level 4 in Shapeshifting
    39 | D        | Slain by a hound

Illustrated notes

Levels and vault maps discovered:
D:        linesprint [early_d, line_temple, items_1, d_10, items_2, lair_1,
          lair_end, items_3, orc_1, orc_end, items_4, d_15, swamp_1, shoals_1,
          snake_1, spider_1, d_20, vaults_1, items_5, swamp_end, shoals_end,
          snake_end, spider_end, vaults_end, d_27, items_6, zot_1, zot_end,
          crypt_end, forest_end, elf_end, slime_end, tomb_end, abyss_end,
          pan_hell_end]

Skill      XL: |  1  2 |
---------------+-------+-----
Shapeshifting  | 3 4 |  4.2
Unarmed Combat | 3 |  3.9
Dodging        | 2 |  2.2
Fighting       | |  1.0

Action                     || total
---------------------------++-------
  Melee: Unarmed           ||    17
         Punch             ||     2
         Kick              ||     1
    Use: Potion            ||     2
  Dodge: Dodged            ||     7

Table legend: (Time is in decaauts)
 A = Elapsed time spent in this place.
 B = Non-inter-level travel time spent in this place.
 C = Inter-level travel time spent in this place.
 D = Time resting spent in this place.
 E = Time spent auto-exploring this place.
 F = Levels seen in this place.
 G = Mean time per level.
                   A        B        C        D        E       F      G
               +--------+--------+--------+--------+--------+-----+--------+
         Total |     37 |     37 |      0 |     10 |      0 |   1 |   37.0 |
       Dungeon |     37 |     37 |      0 |     10 |      0 |   1 |   37.0 |
               +--------+--------+--------+--------+--------+-----+--------+

Top non-repeatable levels by time:
       D: 37 daAuts
